 Dungeon Crawl Stone Soup version 0.27.0-1-g7a08968 (webtiles) character file.

Game seed: 17414886293421238980

804 ChickenNuggs the Chopper (level 7, -2/61 HPs)
             Began as a Hill Orc Fighter on Dec 24, 2021.
             Was a Follower of Beogh.
             Succumbed to a killer bee's poison
             ... on level 6 of the Dungeon.
             The game lasted 00:14:51 (5588 turns).

ChickenNuggs the Chopper (Hill Orc Fighter)         Turns: 5588, Time: 00:14:52

Health: -2/61      AC: 16    Str: 21    XL:     7   Next: 91%
Magic:  7/7        EV:  8    Int:  8    God:    Beogh [*.....]
Gold:   163        SH: 10    Dex: 10    Spells: 6/6 levels left

rFire    . . .     SeeInvis .   a - +0 war axe
rCold    . . .     Faith    .   c - +0 kite shield
rNeg     . . .     Spirit   .   b - +0 scale mail
rPois    .         Reflect  .   (no helmet)
rElec    .         Harm     .   (no cloak)
rCorr    .         Rampage  .   d - +0 pair of gloves
Will     .....                  (no boots)
Stlth    ..........             (no amulet)
HPRegen  0.20/turn              l - +4 ring of protection
MPRegen  0.10/turn              B - +4 ring of protection

@: lethally poisoned (-2 -> -24)
A: no striking features
a: Renounce Religion


You were on level 6 of the Dungeon.
You worshipped Beogh.
Beogh was aware of your devotion.
You visited 1 branch of the dungeon, and saw 6 of its levels.

You collected 163 gold pieces.

Inventory:

Hand Weapons
 a - a +0 war axe (weapon)
Missiles
 h - 233 stones (quivered)
 u - 12 boomerangs
Armour
 b - a +0 scale mail (worn)
 c - a +0 kite shield (worn)
 d - a +0 pair of gloves (worn)
 A - a +0 pair of boots
Jewellery
 l - a +4 ring of protection (left hand)
 p - a +6 ring of intelligence
 B - a +4 ring of protection (right hand)
Wands
 x - a wand of flame (14)
Scrolls
 e - 3 scrolls of teleportation {unknown}
 f - 2 scrolls of blinking {unknown}
 g - a scroll of fear {unknown}
 i - 5 scrolls of identify {unknown}
 k - a scroll of brand weapon {unknown}
 n - a scroll of torment {unknown}
 q - 2 scrolls of enchant armour {unknown}
 t - a scroll of fog {unknown}
 y - a scroll of acquirement {unknown}
Potions
 j - a potion of heal wounds {unknown}
 m - a potion of curing {unknown}
 o - a potion of degeneration {unknown}
 r - 2 potions of haste {unknown}
 s - a potion of brilliance {unknown}
 v - 2 potions of mutation {unknown}
 w - a potion of magic {unknown}
 z - a potion of invisibility {unknown}


   Skills:
 + Level 5.1 Fighting
 + Level 7.7 Axes
 + Level 4.9 Armour
 + Level 1.6 Dodging
 + Level 0.3 Stealth
 + Level 5.3 Shields


You had 6 spell levels left.
You didn't know any spells.
Your spell library contained the following spells:

 Spells                   Type           Power      Damage    Failure   Level
 Summon Small Mammal      Summ           0%         N/A       98%         1
 Sublimation of Blood     Necr           0%         N/A       99%         2
 Wereblood                Tmut           0%         N/A       99%         2
 Call Canine Familiar     Summ           0%         N/A       100%        3
 Gell's Gravitas          Tloc           0%         N/A       100%        3
 Summon Guardian Golem    Hex/Summ       0%         N/A       100%        3
 Teleport Other           Tloc           0%         N/A       100%        3
 Animate Armour           Summ/Erth      0%         N/A       100%        4
 Blade Hands              Tmut           0%         N/A       100%        5
 Dispersal                Tloc           0%         N/A       100%        6
 Iron Shot                Conj/Erth      0%         9d1       100%        6
 Summon Hydra             Summ           0%         N/A       100%        7


Dungeon Overview and Level Annotations

Branches:
Dungeon (6/15)             Temple (0/1) D:5

Altars:
Cheibriados
Hepliaklqana
Kikubaaqudgha
Okawaru
Vehumet
Xom

Shops:
D:1 !


Message History

The killer bee stings you but does no damage.
You block the killer bee's attack.
You hit the killer bee.
The killer bee is severely wounded.
The killer bee stings you but does no damage.
You block the killer bee's attack.
You slash the killer bee!
You kill the killer bee!
Beogh accepts your kill. The killer bee barely misses you.
The killer bee closely misses you.
You barely miss the killer bee. You block the killer bee's attack.
The killer bee closely misses you.
Your shield prevents you from hitting the killer bee.
You block the killer bee's attack. The killer bee stings you!
* * * LOW HITPOINT WARNING * * *
You are poisoned.
The killer bee poisons you!
The killer bee stings you but does no damage.
You slash the killer bee!
The killer bee is severely wounded.
You feel very sick. You block the killer bee's attack. x2
You closely miss the killer bee.
The killer bee is severely wounded.
You feel sick. The killer bee closely misses you. The killer bee stings you.
* * * LOW HITPOINT WARNING * * *
You are lethally poisoned!
The killer bee poisons you!
The killer bee stings you but does no damage.
You closely miss the killer bee.
The killer bee is severely wounded.
* * * LOW HITPOINT WARNING * * *
You feel very sick. The killer bee barely misses you.
The killer bee stings you.
* * * LOW HITPOINT WARNING * * *
You are more poisoned.
The killer bee poisons you! You block the killer bee's attack.
You hit the killer bee.
The killer bee is severely wounded.
You die...

. # .# .# ###.#
####.#
####...#####
.....#
#...........
######
#.##@#######
##########.##y#
..##..........##g#
#.##.###########g#
#.##.## #g#
...#..## .g.
.......########...
..............#..<
.......######.#


You could see a gnoll shaman, a killer bee and 3 gnolls.

Vanquished Creatures
  Edmund (D:6)
  A water moccasin (D:6)
  An ogre (D:5)
  A scorpion (D:5)
  2 killer bees (D:6)
  A jelly (D:6)
  A hound (D:3)
  Jessica (D:3)
  A bullfrog skeleton (D:5)
  2 iguanas
  3 gnolls (D:5)
  6 adders
  A white imp (D:6)
  An ufetubus (D:6)
  A worm (D:3)
  2 dart slugs
  10 orcs
  5 bats
  5 endoplasms
  4 giant cockroaches
  6 hobgoblins
  6 jackals
  2 quokkas
  4 ball pythons
  2 frilled lizards (D:2)
  8 goblins
  4 kobolds
  6 rats
  A spectral orc (D:3)
89 creatures vanquished.

Vanquished Creatures (others)
  An orc (D:4)
1 creature vanquished.

Grand Total: 90 creatures vanquished

Notes
Turn   | Place    | Note
-------+----------+-------------------------------------------
     0 | D:1      | ChickenNuggs the Hill Orc Fighter began the quest for the
                  | Orb.
     0 | D:1      | Reached XP level 1. HP: 19/19 MP: 1/1
   290 | D:1      | Reached XP level 2. HP: 26/27 MP: 2/2
   344 | D:1      | Reached skill level 3 in Axes
   693 | D:1      | Found Josm's Distillery.
  1290 | D:1      | Found a faded altar of an unknown god.
  1340 | D:1      | Reached XP level 3. HP: 33/33 MP: 3/3
  2229 | D:3      | Reached XP level 4. HP: 25/40 MP: 4/4
  2252 | D:3      | Reached skill level 4 in Axes
  2883 | D:3      | Found a hazy altar of Hepliaklqana.
  2916 | D:3      | Found a shimmering altar of Xom.
  2949 | D:3      | Noticed Jessica
  2953 | D:3      | Reached XP level 5. HP: 46/46 MP: 5/5
  2959 | D:3      | Killed Jessica
  3299 | D:4      | Became a worshipper of Beogh the Brigand
  3844 | D:4      | Found a snail-covered altar of Cheibriados.
  3931 | D:5      | Entered Level 5 of the Dungeon
  3937 | D:5      | Reached skill level 5 in Axes
  3937 | D:5      | Reached XP level 6. HP: 53/53 MP: 6/6
  3986 | D:5      | Reached skill level 1 in Dodging
  4354 | D:5      | Found a staircase to the Ecumenical Temple.
  4492 | D:5      | Found a radiant altar of Vehumet.
  4593 | D:5      | Found an ancient bone altar of Kikubaaqudgha.
  4624 | D:5      | Reached skill level 6 in Axes
  5066 | D:5      | Found an iron altar of Okawaru.
  5258 | D:6      | Noticed Edmund
  5267 | D:6      | Reached XP level 7. HP: 58/60 MP: 7/7
  5280 | D:6      | Killed Edmund
  5280 | D:6      | Reached * piety under Beogh
  5281 | D:6      | Reached skill level 5 in Shields
  5304 | D:6      | Reached skill level 5 in Fighting
  5304 | D:6      | Reached skill level 7 in Axes
  5588 | D:6      | Succumbed to a killer bee's poison

Illustrated notes

Levels and vault maps discovered:
D:1:      wander_arrival_lonely_grave, layout_loops_corners, serial_shops,
          nicolae_shop_waterfront, dreamdust_ecumenical_altar_statues,
          grunt_decor_cap, minmay_pentomino_p4
D:2:      layout_loops_ring
D:3:      layout_rooms, mainiacjoe_overflow_small_starburst,
          nicolae_hepliaklqana_monster_ancestors, kennysheep_jessica_study
D:4:      layout_basic, kennysheep_mini_moat
D:5:      layout_loops_ring, vehumet_altar_wand_db, old_standard_altar,
          lemuel_coloured_pillars_altar, temple_doors_e
D:6:      layout_loops_ring, kennysheep_potato, uniq_edmund, uniq_menkaure

Skill      XL: |  1  2  3  4  5  6  7 |
---------------+----------------------+-----
Axes           | 3 4 5 6 7 |  7.7
Fighting       | 4 5 |  5.1
Shields        | 4 5 |  5.3
Armour         | 4 |  4.9
Dodging        | 1 |  1.6
Stealth        | |  0.3

Action                   |  1- 3 |  4- 6 |  7- 9 || total
-------------------------+-------+-------+-------++-------
Melee: War axe           |   102 |   145 |    61 ||   308
Throw: Stone             |       |     2 |       ||     2
Invok: Convert to Beogh  |       |     1 |       ||     1
  Use: Potion            |       |     1 |       ||     1
Armor: Scale mail        |    54 |    75 |    29 ||   158
Dodge: Dodged            |    39 |    56 |    26 ||   121
Block: Kite shield       |    60 |    93 |    45 ||   198
